[Event "December 5 Late 2023"]
[Site "https://www.chess.com"]
[Date "2023.12.05"]
[Round "11"]
[White "Amburgy, Ryan"]
[Black "Korchynskyi, Mykola"]
[Result "1-0"]
[Board "34"]
[TimeControl "180+1"]
[WhiteFideId "30924820"]
[BlackFideId "34138005"]
[WhiteElo "2674"]
[BlackElo "2539"]
[WhiteTeam "USA"]
[BlackTeam "UKR"]
[WhiteClock "0:00:34"]
[BlackClock "0:00:08"]

1. d4 d5 2. Nc3 Nf6 3. Bf4 e6 4. Nb5 Bd6 5. Nxd6+ cxd6 6. e3 O-O 7. Nf3 Qe7 8. c3 Nbd7 9. h3 b6 10. Qb3 Bb7 11. Qa3 Ne4 12. Bd3 e5 13. Nxe5 Nxe5 14. Bxe5 Qg5 15. Bxe4 dxe5 16. h4 Qf6 17. Bf3 Rfc8 18. dxe5 Qxe5 19. Rd1 Rc5 20. Rd4 a5 21. O-O Rb8 22. Rfd1 Qf6 23. b4 axb4 24. Qxb4 Rbc8 25. Rf4 Qg6 26. h5 Qh6 27. c4 Qd6 28. Bxd5 Bxd5 29. cxd5 h6 30. Qe4 Ra8 31. Qf5 Qf8 32. a4 Rc7 33. d6 Rca7 34. d7 Rd8 35. Rfd4 Qe7 36. Qb5 Rc7 37. Qxb6 Rcxd7 38. Rxd7 Rxd7 39. Rxd7 Qxd7 40. Qb5 Qd1+ 41. Kh2 Qd6+ 42. g3 Qf6 43. Kg2 Qe6 44. a5 Qe4+ 45. Kg1 Qf3 46. a6 Qd1+ 47. Kg2 Qa1 48. Qb7 Kh7 49. a7 Qb2 50. Qe4+ g6 51. hxg6+ Kg7 52. a8=R Qxf2+ 53. Kxf2 h5 54. gxf7 Kh6 55. f8=B+ Kg5 56. Qf4+ Kg6 57. Qh6+ Kf5 58. Ra5+ Ke4 59. Qf4+ Kd3 60. Qd4+ Kc2 61. Rc5+ Kb1 62. Qb4+ Ka1 63. e4 Ka2 64. e5 Ka1 65. e6 Ka2 66. e7 Ka1 67. e8=N h4 68. gxh4 Ka2 69. h5 Ka1 70. h6 Ka2 71. h7 Ka1 72. Nc7 Ka2 73. Nd5 Ka1 74. h8=B+ Ka2 75. Nc3+ Ka1 76. Ra5# 1-0

[Event "December 5 Late 2023"]
[Site "https://www.chess.com"]
[Date "2023.12.05"]
[Round "11"]
[White "Pakleza, Zbigniew"]
[Black "Rogov, Matfey"]
[Result "1-0"]
[Board "35"]
[TimeControl "180+1"]
[WhiteFideId "1119290"]
[BlackFideId "44191308"]
[WhiteElo "2670"]
[BlackElo "2531"]
[WhiteTeam "POL"]
[BlackTeam "RUS"]
[WhiteClock "0:00:54"]
[BlackClock "0:00:00"]

1. d4 Nf6 2. Nf3 e6 3. Bf4 d5 4. e3 c5 5. c3 Nc6 6. Nbd2 Bd6 7. Bg3 O-O 8. Bd3 b6 9. Ne5 Bb7 10. f4 Ne7 11. Qb1 Rc8 12. h3 Rc7 13. O-O Qa8 14. f5 Ne4 15. Bxe4 dxe4 16. fxe6 fxe6 17. Rxf8+ Qxf8 18. Nxe4 Nf5 19. Bf4 Nh4 20. Nxd6 Qxd6 21. g3 Nf5 22. Ng4 Qc6 23. d5 exd5 24. Qxf5 Rf7 25. Qxf7+ Kxf7 26. Ne5+ 1-0

[Event "December 5 Late 2023"]
[Site "https://www.chess.com"]
[Date "2023.12.05"]
[Round "11"]
[White "Tikhonov, Viacheslav"]
[Black "Ambartsumova, Karina"]
[Result "0-1"]
[Board "36"]
[TimeControl "180+1"]
[WhiteFideId "44196407"]
[BlackFideId "4166299"]
[WhiteElo "2527"]
[BlackElo "2662"]
[WhiteTeam "RUS"]
[BlackTeam "RUS"]
[WhiteClock "0:00:25"]
[BlackClock "0:00:08"]

1. e4 e5 2. Nf3 Nc6 3. Bc4 Nf6 4. Ng5 d5 5. exd5 Na5 6. Bb5+ c6 7. dxc6 bxc6 8. Be2 h6 9. Nh3 Bd6 10. d3 O-O 11. Nc3 Bf5 12. O-O Qd7 13. Bf3 Bxh3 14. gxh3 Qxh3 15. Bg2 Qh4 16. Ne4 Nxe4 17. dxe4 Bc5 18. Qe2 Rad8 19. Bd2 Nb7 20. Be3 Bb6 21. Rad1 Nc5 22. Qc4 Ne6 23. Kh1 Bd4 24. c3 Bxe3 25. fxe3 Rxd1 26. Rxd1 Qf2 27. Qxc6 Qxe3 28. Qd5 Nf4 29. Qd2 Qb6 30. c4 Kh7 31. b4 Qg6 32. c5 Rd8 33. Bf3 Rxd2 34. Rxd2 Qf6 35. Rc2 Nd3 36. Be2 Nxb4 37. Rc4 Nc6 38. Kg2 Qg5+ 39. Kf2 Qf4+ 40. Ke1 Qe3 41. Kd1 Nd4 42. Bf1 Qxe4 43. Kd2 Qf4+ 44. Ke1 g6 45. c6 Qe3+ 46. Kd1 Nxc6 47. Rxc6 Qf3+ 48. Be2 Qxc6 49. Kd2 Qd6+ 50. Ke3 f5 51. Bc4 Qd4+ 52. Kf3 Qxc4 53. a4 Qf4+ 54. Kg2 e4 55. a5 Qf3+ 56. Kg1 e3 57. a6 Qf2+ 58. Kh1 Qf1# 0-1

[Event "December 5 Late 2023"]
[Site "https://www.chess.com"]
[Date "2023.12.05"]
[Round "11"]
[White "Sturt, Raven"]
[Black "Bold, Andre"]
[Result "0-1"]
[Board "37"]
[TimeControl "180+1"]
[WhiteFideId "2007304"]
[BlackFideId "16208471"]
[WhiteElo "2656"]
[BlackElo "2523"]
[WhiteTeam "USA"]
[BlackTeam "GER"]
[WhiteClock "0:02:15"]
[BlackClock "0:02:01"]

1. f4 h5 2. Nf3 h4 3. e4 d5 4. exd5 Nf6 5. c4 e6 6. dxe6 Bxe6 7. d4 Bb4+ 8. Nc3 h3 9. d5 hxg2 10. Bxg2 Bd7 11. O-O Bc5+ 12. Kh1 Ng4 13. Ne4 Nxh2 14. Nxh2 Rxh2+ 15. Kxh2 Qh4+ 16. Bh3 Qxh3# 0-1

[Event "December 5 Late 2023"]
[Site "https://www.chess.com"]
[Date "2023.12.05"]
[Round "11"]
[White "Ferreira, Vitor Hugo Vieira"]
[Black "Seemann, Jakub"]
[Result "1/2-1/2"]
[Board "38"]
[TimeControl "180+1"]
[WhiteFideId "2119765"]
[BlackFideId "21874697"]
[WhiteElo "2526"]
[BlackElo "2650"]
[WhiteTeam "BRA"]
[BlackTeam "POL"]
[WhiteClock "0:00:30"]
[BlackClock "0:00:03"]

1. d4 Nf6 2. c4 g6 3. Nc3 d5 4. Nf3 Bg7 5. Qb3 dxc4 6. Qxc4 O-O 7. e4 Nc6 8. Be2 Nd7 9. Be3 Nb6 10. Qc5 Bg4 11. Rd1 Qd6 12. e5 Qxc5 13. dxc5 Nd7 14. Nd5 Bxf3 15. gxf3 Ndxe5 16. Nxc7 Rac8 17. Nd5 e6 18. Nc3 Nb4 19. Rd2 Rfd8 20. a3 Nbd3+ 21. Kf1 Nc4 22. Rxd3 Rxd3 23. Bxd3 Nxb2 24. Be4 Bxc3 25. Bxb7 Rc7 26. c6 Nc4 27. Bxa7 Ba5 28. Bb8 Re7 29. Ba6 Nd2+ 30. Kg2 Nb3 31. Bd6 Ra7 32. c7 Bxc7 33. Bxc7 Rxc7 34. Rb1 Nd4 35. Rb4 e5 36. f4 Ra7 37. fxe5 Nc6 38. Ra4 Nxe5 39. Bb5 Rxa4 40. Bxa4 Nc4 41. Bb3 Nxa3 42. Kg3 Kg7 43. Bd1 Kf6 44. Be2 Nc2 45. Bd3 Nd4 46. Kf4 Ne6+ 47. Kg3 Ke5 48. Bc4 Kd4 49. Ba2 Ke5 50. Bb3 Kf6 51. Bc4 h6 52. Bb3 Ng7 53. Bc4 Ne8 54. Bb5 Nd6 55. Bd3 Ke5 56. Be2 f5 57. Bd3 Ne4+ 58. Kf3 h5 59. h4 Nf6 60. Bc2 Kd4 61. Bxf5 gxf5 62. Kf4 Ne4 63. Kxf5 Nxf2 64. Kg5 Ke5 65. Kxh5 Kf6 66. Kh6 Ng4+ 67. Kh7 Kf7 68. Kh8 Nf6 69. h5 Nd7 70. Kh7 Ne5 71. Kh6 Nf3 72. Kh7 Ng5+ 73. Kh6 Ne6 74. Kh7 Kf6 75. Kg8 Ke7 76. h6 Nf8 77. Kg7 Ke8 78. Kg8 Ke7 79. Kg7 Ke8 80. Kf6 Nh7+ 81. Kg7 Nf8 1/2-1/2

[Event "December 5 Late 2023"]
[Site "https://www.chess.com"]
[Date "2023.12.05"]
[Round "11"]
[White "Goltsev, Dmitry"]
[Black "Rees, Ioan"]
[Result "1-0"]
[Board "39"]
[TimeControl "180+1"]
[WhiteFideId "24176710"]
[BlackFideId "1801236"]
[WhiteElo "2644"]
[BlackElo "2511"]
[WhiteTeam "RUS"]
[BlackTeam "WLS"]
[WhiteClock "0:00:47"]
[BlackClock "0:00:38"]

1. e4 c6 2. d4 d5 3. Nc3 dxe4 4. Nxe4 Nf6 5. Ng3 h5 6. h4 Bg4 7. Nf3 e6 8. c3 Bd6 9. Bg5 Bxg3 10. fxg3 Nbd7 11. Bc4 Qa5 12. O-O O-O 13. Qd2 Ne4 14. Qe3 Nxg5 15. Nxg5 Bf5 16. b4 Qc7 17. Rxf5 exf5 18. Qe7 Qd8 19. Bxf7+ Kh8 20. Qe6 Nf6 21. Qxf5 a5 22. Qg6 Qe7 23. Rf1 Qe3+ 24. Kh1 Qxg3 25. Rxf6 Qxh4+ 26. Kg1 Qe1+ 27. Rf1 Qe3+ 28. Kh1 Rxf7 29. Qh7# 1-0

[Event "December 5 Late 2023"]
[Site "https://www.chess.com"]
[Date "2023.12.05"]
[Round "11"]
[White "Ehlvest, Jaan"]
[Black "Dmitrenko, Viktor"]
[Result "1-0"]
[Board "40"]
[TimeControl "180+1"]
[WhiteFideId "4500016"]
[BlackFideId "14110270"]
[WhiteElo "2639"]
[BlackElo "2463"]
[WhiteTeam "USA"]
[BlackTeam "UKR"]
[WhiteClock "0:01:57"]
[BlackClock "0:00:00"]

1. e4 e6 2. d4 d5 3. Nc3 Bb4 4. e5 Ne7 5. Bd2 b6 6. h4 c5 7. Nb5 Bxd2+ 8. Qxd2 O-O 9. c3 Nbc6 10. h5 h6 11. f4 f6 12. Nf3 fxe5 13. fxe5 Nf5 14. Rh3 a6 15. Na3 cxd4 16. cxd4 Qe7 17. Nc2 Qa7 18. g4 Nfe7 19. Bd3 b5 20. g5 Nf5 21. Bxf5 Rxf5 22. gxh6 Qf7 23. Qg2 Bd7 24. Rg3 Kh8 25. Rxg7 Rxf3 26. Rxf7 Rxf7 27. O-O-O Rg8 28. Qe2 Rf5 29. Rf1 Rxf1+ 30. Qxf1 Kh7 31. Qf7+ 1-0

[Event "December 5 Late 2023"]
[Site "https://www.chess.com"]
[Date "2023.12.05"]
[Round "11"]
[White "Omelja, Artem"]
[Black "Gubajdullin, Alexei"]
[Result "1/2-1/2"]
[Board "41"]
[TimeControl "180+1"]
[WhiteFideId "14119846"]
[BlackFideId "4141202"]
[WhiteElo "2639"]
[BlackElo "2623"]
[WhiteTeam "UKR"]
[BlackTeam "RUS"]
[WhiteClock "0:00:16"]
[BlackClock "0:00:04"]

1. d4 g6 2. Nf3 Bg7 3. e4 d6 4. Bc4 e6 5. O-O Ne7 6. Bb3 Nd7 7. c3 b6 8. Re1 Bb7 9. Nbd2 h6 10. Nf1 g5 11. Ng3 g4 12. Nh5 Rg8 13. Nh4 Bh8 14. g3 Nf6 15. Nxf6+ Bxf6 16. Ng2 h5 17. f3 Qd7 18. Rf1 Bg5 19. Bxg5 Rxg5 20. f4 Rg7 21. Qe2 O-O-O 22. a4 Re8 23. a5 f5 24. exf5 Nxf5 25. Ne3 Qc6 26. d5 Qc5 27. Ba4 Nxe3 28. b4 Qxd5 29. Bxe8 Nf5 30. Kf2 h4 31. Rg1 hxg3+ 32. hxg3 Rh7 33. Ke1 Kd8 34. Bg6 Rh1 35. Rxh1 Qxh1+ 36. Qf1 Nxg3 37. Qxh1 Nxh1 38. Kd2 g3 39. f5 Ke7 40. fxe6 Kxe6 41. Ke3 g2 42. Be4 Bxe4 43. Kxe4 Ng3+ 44. Kf3 Nf5 45. Kxg2 Kd5 46. Kf3 Kc4 47. axb6 axb6 48. Ra7 c5 49. bxc5 bxc5 50. Kf4 Nh4 51. Rh7 Ng2+ 52. Kf3 Ne1+ 53. Ke2 Nc2 54. Kd2 Na3 55. Rh4+ Kd5 56. Kd3 c4+ 57. Kd2 Nb5 58. Rh5+ Kc6 59. Kc2 d5 60. Rh4 Kc5 1/2-1/2

[Event "December 5 Late 2023"]
[Site "https://www.chess.com"]
[Date "2023.12.05"]
[Round "11"]
[White "Chaika, Vitalii"]
[Black "Golubev, Mikhail"]
[Result "1-0"]
[Board "42"]
[TimeControl "180+1"]
[WhiteFideId "14111802"]
[BlackFideId "14100983"]
[WhiteElo "2437"]
[BlackElo "2630"]
[WhiteTeam "UKR"]
[BlackTeam "UKR"]
[WhiteClock "0:00:47"]
[BlackClock "0:00:00"]

1. d4 Nf6 2. Bf4 d6 3. e3 Nbd7 4. Nf3 g6 5. h3 Bg7 6. Be2 O-O 7. O-O b6 8. a4 a5 9. Na3 Bb7 10. Nb5 Ne4 11. c3 Ndf6 12. Qb3 Qd7 13. Bh2 g5 14. Qc4 c6 15. Na3 Ba6 16. Qxa6 Rxa6 17. Bxa6 h5 18. Be2 g4 19. hxg4 Nxg4 20. Nc4 Nxh2 21. Nxh2 d5 22. Ne5 Bxe5 23. dxe5 Qf5 24. f4 Ng3 25. Rf2 Qe4 26. Nf1 Nxf1 27. Kxf1 Qxe3 28. Bxh5 Kg7 29. Re1 Qd3+ 30. Be2 Qe4 31. Bb5 Qg6 32. f5 Qh6 33. f6+ exf6 34. exf6+ Kh8 35. Bxc6 1-0

[Event "December 5 Late 2023"]
[Site "https://www.chess.com"]
[Date "2023.12.05"]
[Round "11"]
[White "Zakarian, David"]
[Black "Agibileg, Uurtsaikh"]
[Result "0-1"]
[Board "43"]
[TimeControl "180+1"]
[WhiteFideId "13301276"]
[BlackFideId "4901606"]
[WhiteElo "2436"]
[BlackElo "2624"]
[WhiteTeam "ARM"]
[BlackTeam "MGL"]
[WhiteClock "0:00:20"]
[BlackClock "0:01:35"]

1. e4 e5 2. f4 d5 3. exd5 exf4 4. Nf3 Nf6 5. Bc4 Nxd5 6. O-O Be6 7. Bb3 c5 8. d3 g5 9. Qe1 Nc6 10. Nc3 Nc7 11. Ne4 h6 12. Qc3 Nd4 13. Nxd4 Qxd4+ 14. Qxd4 cxd4 15. h4 Be7 16. Bd2 O-O-O 17. Rae1 Bxb3 18. axb3 Nd5 19. c3 f5 20. Nf2 Bf6 21. Re6 Rhe8 22. Rfe1 Rxe6 23. Rxe6 Kd7 24. Rxf6 Nxf6 25. hxg5 hxg5 26. Nh3 Rg8 27. cxd4 Ke6 28. Kf2 Kd5 29. Ng1 Ng4+ 30. Ke2 Re8+ 31. Kd1 Kxd4 32. Nf3+ Kxd3 33. Nxg5 Nf2+ 34. Kc1 Rc8+ 35. Bc3 Ne4 0-1

[Event "December 5 Late 2023"]
[Site "https://www.chess.com"]
[Date "2023.12.05"]
[Round "11"]
[White "Zhou, Qiyu"]
[Black "Micic, Aleksa"]
[Result "0-1"]
[Board "44"]
[TimeControl "180+1"]
[WhiteFideId "505161"]
[BlackFideId "989940"]
[WhiteElo "2453"]
[BlackElo "2394"]
[WhiteTeam "CAN"]
[BlackTeam "SRB"]
[WhiteClock "0:00:48"]
[BlackClock "0:00:31"]

1. e4 c5 2. Nf3 d6 3. d4 cxd4 4. Nxd4 Nf6 5. Nc3 g6 6. Be3 Bg7 7. f3 O-O 8. Qd2 Nc6 9. O-O-O Bd7 10. g4 Rc8 11. h4 Ne5 12. h5 Qa5 13. Be2 Rxc3 14. Qxc3 Qxc3 15. bxc3 Rc8 16. Kb2 Be8 17. hxg6 hxg6 18. g5 Nfd7 19. Nb3 Nxf3 20. Bxf3 Rxc3 21. Bd4 Rxf3 22. Bxg7 Kxg7 23. Nd4 Rg3 24. Nb5 Ne5 25. Nc7 Bc6 26. Rhg1 Nc4+ 27. Kb1 Re3 28. Rge1 Rxe1 29. Rxe1 Nd2+ 30. Kb2 Nxe4 31. c4 e6 32. Ne8+ Bxe8 33. Rxe4 Bc6 34. Rd4 d5 35. cxd5 Bxd5 36. a4 f6 37. gxf6+ Kxf6 38. Kc3 Kf5 39. Kb4 g5 40. Kc5 g4 41. Rd3 Kf4 42. Rd4+ Be4 43. Rd8 g3 44. Rf8+ Bf5 45. Rg8 Bg4 46. Rf8+ Ke3 47. Rg8 Kf3 48. Rf8+ Bf5 49. Rg8 g2 50. Kd6 Kf2 51. Kc7 Be4 52. Rf8+ Bf3 53. Rg8 g1=Q 0-1

[Event "December 5 Late 2023"]
[Site "https://www.chess.com"]
[Date "2023.12.05"]
[Round "11"]
[White "Spichkin, Alexander"]
[Black "Annaberdiyev, Meylis"]
[Result "1-0"]
[Board "45"]
[TimeControl "180+1"]
[WhiteFideId "4144074"]
[BlackFideId "14000563"]
[WhiteElo "2425"]
[BlackElo "2677"]
[WhiteTeam "RUS"]
[BlackTeam "TKM"]
[WhiteClock "0:01:40"]
[BlackClock "0:00:02"]

1. f4 d5 2. Nf3 c6 3. e3 Bg4 4. h3 Bxf3 5. Qxf3 Nd7 6. c4 e6 7. Nc3 Ngf6 8. Be2 Bd6 9. O-O O-O 10. b3 Qe7 11. Bb2 Ba3 12. Bxa3 Qxa3 13. Rab1 a5 14. d4 a4 15. Bd3 axb3 16. Rxb3 Qa5 17. e4 Nc5 18. dxc5 dxc4 19. e5 cxb3 20. exf6 g6 21. Ne4 bxa2 22. Ra1 Qb4 23. Qg3 Qd4+ 24. Kh2 Qxa1 25. Qg5 Kh8 26. Qh4 Rg8 27. Ng5 h5 28. Nxf7+ Kh7 29. Qg5 Raf8 30. Qh6# 1-0

[Event "December 5 Late 2023"]
[Site "https://www.chess.com"]
[Date "2023.12.05"]
[Round "11"]
[White "Arnold, Ken"]
[Black "Solon, Nathan"]
[Result "1-0"]
[Board "46"]
[TimeControl "180+1"]
[WhiteFideId "2056836"]
[BlackFideId "2017229"]
[WhiteElo "2447"]
[BlackElo "2663"]
[WhiteTeam "USA"]
[BlackTeam "USA"]
[WhiteClock "0:01:21"]
[BlackClock "0:01:10"]

1. d4 d5 2. c4 c6 3. cxd5 cxd5 4. Nc3 Nf6 5. Nf3 Nc6 6. Bf4 e6 7. e3 Be7 8. Bb5 Bd7 9. O-O O-O 10. Qe2 Qa5 11. a3 Rfc8 12. h3 a6 13. Bd3 Qd8 14. Rac1 Be8 15. Ne5 Nxe5 16. Bxe5 Nd7 17. Bg3 Nb6 18. Rc2 Nc4 19. Rfc1 b5 20. e4 dxe4 21. Qxe4 g6 22. d5 exd5 23. Nxd5 Bg5 24. Bxc4 bxc4 25. f4 Bc6 26. Rd1 Bxd5 27. Rxd5 Qb6+ 28. Bf2 1-0

[Event "December 5 Late 2023"]
[Site "https://www.chess.com"]
[Date "2023.12.05"]
[Round "11"]
[White "Wu, Sibo"]
[Black "Titus, Andrew"]
[Result "0-1"]
[Board "47"]
[TimeControl "180+1"]
[WhiteFideId "8606048"]
[BlackFideId "2059770"]
[WhiteElo "2443"]
[BlackElo "2591"]
[WhiteTeam "CHN"]
[BlackTeam "USA"]
[WhiteClock "0:00:00"]
[BlackClock "0:00:54"]

1. d4 d5 2. Bf4 Nf6 3. e3 e6 4. Nf3 Bd6 5. Bg3 O-O 6. Nbd2 b6 7. c3 Bb7 8. Bd3 Ne4 9. Qc2 f5 10. Ne5 Nd7 11. Ndf3 Qe7 12. Nxd7 Qxd7 13. Ne5 Bxe5 14. Bxe5 c5 15. h4 c4 16. Bxe4 fxe4 17. h5 b5 18. Rh3 h6 19. Rg3 Rf7 20. a3 Qe7 21. Qe2 Qh4 22. O-O-O Rd8 23. Rg6 Re8 24. f4 exf3 25. gxf3 Qxh5 26. Rdg1 Ree7 27. Qg2 Bc6 28. Bxg7 Qxf3 29. Qxf3 Rxf3 30. Be5+ Kf7 31. Rg8 Rf1+ 32. Kc2 Rxg1 33. Rxg1 Ke8 34. Rg6 h5 35. Rh6 Kd7 36. Rxh5 Rf7 37. Rh8 Rf2+ 38. Kc1 a5 39. Rh7+ Ke8 40. Rc7 Bd7 41. Ra7 a4 42. Ra8+ Kf7 43. Ra7 Ke7 44. Ra8 Be8 45. Ra7+ Kf8 46. Bd6+ Kg8 47. Ra8 Kf7 48. Ra7+ Kg6 49. Ra8 Bf7 50. Rb8 Kf5 51. Rxb5 Ke4 52. Bg3 Rg2 53. Bf4 Kd3 54. Kb1 Rg1+ 55. Ka2 Bh5 56. Rb8 Bd1 57. b4 cxb3+ 58. Kb2 Rg2+ 59. Kb1 Bc2+ 60. Kb2 Bd1+ 61. Kb1 Kxc3 62. Rc8+ Kd3 63. Be5 b2 64. Rb8 Bb3 0-1

[Event "December 5 Late 2023"]
[Site "https://www.chess.com"]
[Date "2023.12.05"]
[Round "11"]
[White "Argandona Riveiro, Inigo"]
[Black "Rangel, Daniel"]
[Result "1-0"]
[Board "48"]
[TimeControl "180+1"]
[WhiteFideId "2212072"]
[BlackFideId "2124475"]
[WhiteElo "2460"]
[BlackElo "2559"]
[WhiteTeam "ESP"]
[BlackTeam "BRA"]
[WhiteClock "0:00:53"]
[BlackClock "0:00:01"]

1. Nf3 Nf6 2. c4 e6 3. g3 d5 4. Bg2 Be7 5. d4 O-O 6. Qc2 a5 7. Nbd2 c6 8. O-O b6 9. b3 Ba6 10. Rd1 b5 11. Ne5 Nfd7 12. e4 Nxe5 13. dxe5 d4 14. Bb2 c5 15. cxb5 Bxb5 16. Bf1 Bxf1 17. Kxf1 Nc6 18. Ba3 Nxe5 19. Rac1 Rc8 20. f4 Ng4 21. Nc4 f5 22. e5 Qd5 23. Qg2 Qxg2+ 24. Kxg2 Rfd8 25. h3 Ne3+ 26. Nxe3 dxe3 27. Kf3 Rd2 28. Rxd2 exd2 29. Rd1 c4 30. Bxe7 c3 31. Ba3 Rd8 32. Ke2 Kf7 33. g4 g6 34. g5 Rd5 35. h4 Ke8 36. Ke3 Kd7 37. Bc1 dxc1=Q+ 38. Rxc1 Rc5 39. Kd4 Kc6 40. Rxc3 Rxc3 41. Kxc3 Kc5 42. a3 Kb5 43. b4 a4 44. Kd4 Kc6 45. Kc4 Kb6 46. b5 1-0

[Event "December 5 Late 2023"]
[Site "https://www.chess.com"]
[Date "2023.12.05"]
[Round "11"]
[White "yaguigor"]
[Black "Stojanovski, Sandi"]
[Result "0-1"]
[Board "49"]
[TimeControl "180+1"]
[BlackFideId "1403249"]
[WhiteElo "2419"]
[BlackElo "2525"]
[BlackTeam "DEN"]
[WhiteClock "0:00:00"]
[BlackClock "0:00:08"]

1. e4 d6 2. d4 Nf6 3. Nc3 g6 4. Nf3 Bg7 5. Be3 O-O 6. Qd2 Bg4 7. Ng5 Nc6 8. h3 Bd7 9. d5 Nb8 10. Be2 c6 11. O-O cxd5 12. exd5 Na6 13. Nf3 Qa5 14. a3 Rfc8 15. Bd4 Qd8 16. Nb5 Nc5 17. c4 Bxb5 18. cxb5 Nb3 19. Qd3 Nxd4 20. Qxd4 Rc5 21. b4 Rxd5 22. Qc4 Rc8 23. Qb3 e6 24. Bc4 Rh5 25. Rac1 Nd5 26. Rcd1 Nb6 27. Be2 d5 28. a4 Qf6 29. Rc1 Nc4 30. Bxc4 dxc4 31. Rxc4 Rxc4 32. Qxc4 Qc3 33. Qe4 Rd5 34. h4 Bf6 35. h5 Kg7 36. Qf4 Rxh5 37. Qb8 Qxb4 38. Qxb7 Qg4 39. Rd1 Qf4 40. Rd7 Be5 41. Nxe5 Qh2+ 0-1

[Event "December 5 Late 2023"]
[Site "https://www.chess.com"]
[Date "2023.12.05"]
[Round "11"]
[White "Krzywda, Andrzej"]
[Black "Alvarado, Carlos"]
[Result "0-1"]
[Board "50"]
[TimeControl "180+1"]
[WhiteFideId "1114565"]
[BlackFideId "3800555"]
[WhiteElo "2516"]
[BlackElo "2412"]
[WhiteTeam "POL"]
[BlackTeam "PER"]
[WhiteClock "0:00:00"]
[BlackClock "0:00:09"]

1. e4 c6 2. d4 d5 3. e5 Bf5 4. h4 h6 5. g4 Be4 6. f3 Bh7 7. Bd3 Bxd3 8. Qxd3 e6 9. h5 Nd7 10. Ne2 c5 11. c3 Ne7 12. a3 Nc6 13. b4 b6 14. Be3 Be7 15. Nd2 c4 16. Qc2 b5 17. a4 a6 18. O-O Nb6 19. a5 Na4 20. f4 Bxb4 21. Rxa4 Bxa5 22. Raa1 Qh4 23. f5 Qxg4+ 24. Kf2 Qxh5 25. Rh1 Qxf5+ 26. Qxf5 exf5 27. Nf4 Bxc3 28. Nxd5 Bxa1 29. Nc7+ Kd7 30. Nxa8 Rxa8 31. Rxa1 Nb4 32. Rg1 g5 33. Ke2 c3 34. Nb3 Nd5 35. Rh1 f4 36. Bf2 Rh8 37. Nc5+ Kc6 38. Nxa6 b4 39. Rb1 Kb5 40. Nc5 Kc4 41. Ne4 c2 42. Nd2+ Kb5 43. Rb2 Rc8 44. Nb3 c1=Q 45. Nxc1 Rxc1 46. Be1 Rxe1+ 47. Kxe1 Kc4 48. e6 fxe6 49. Re2 Ne3 50. Rh2 b3 51. Kd2 b2 52. Rh1 Kxd4 53. Rb1 e5 54. Ke2 Nc4 0-1

[Event "December 5 Late 2023"]
[Site "https://www.chess.com"]
[Date "2023.12.05"]
[Round "11"]
[White "Wanyama, Harold"]
[Black "Kornyukov, Alexey"]
[Result "1-0"]
[Board "51"]
[TimeControl "180+1"]
[WhiteFideId "10000380"]
[BlackFideId "4150457"]
[WhiteElo "2495"]
[BlackElo "2360"]
[WhiteTeam "UGA"]
[BlackTeam "RUS"]
[WhiteClock "0:00:37"]
[BlackClock "0:00:00"]

1. d4 d5 2. c4 e6 3. Nc3 c6 4. Nf3 dxc4 5. a4 Bb4 6. g3 b5 7. Bg2 Bb7 8. O-O a6 9. Qc2 Nf6 10. e4 h6 11. Rd1 O-O 12. Ne5 Nbd7 13. f4 Qe7 14. Nf3 c5 15. d5 exd5 16. e5 Bxc3 17. bxc3 Ne4 18. Nh4 Nxc3 19. Qxc3 d4 20. Qc2 Bxg2 21. Qxg2 Nb6 22. axb5 axb5 23. Rxa8 Rxa8 24. Nf5 Qd7 25. Nd6 c3 26. f5 Ra1 27. Qf3 Nc4 28. Nxc4 bxc4 29. Kg2 d3 30. f6 Rxc1 31. Rxc1 d2 32. Ra1 Qd3 33. Qg4 g5 34. e6 Qd5+ 35. Kf2 Qxe6 36. Qf3 1-0

[Event "December 5 Late 2023"]
[Site "https://www.chess.com"]
[Date "2023.12.05"]
[Round "11"]
[White "Reprintsev, Alexander"]
[Black "Mekhitarian, Krikor Sevag"]
[Result "1/2-1/2"]
[Board "52"]
[TimeControl "180+1"]
[WhiteFideId "14100541"]
[BlackFideId "2107660"]
[WhiteElo "2489"]
[BlackElo "2802"]
[WhiteTeam "UKR"]
[BlackTeam "BRA"]
[WhiteClock "0:00:07"]
[BlackClock "0:00:05"]

1. e4 e6 2. d4 d5 3. Nc3 Nf6 4. Bg5 dxe4 5. Nxe4 Be7 6. Bxf6 gxf6 7. Nc3 a6 8. g3 h5 9. h4 Nc6 10. Nge2 e5 11. d5 Na5 12. Qd3 b5 13. b3 Nb7 14. Bg2 Nd6 15. a4 f5 16. axb5 e4 17. Qe3 Bf6 18. bxa6 Bxa6 19. O-O Kf8 20. Rfe1 Kg7 21. Nd4 Qe8 22. Nce2 Bxe2 23. Rxa8 Qxa8 24. Nxe2 Qxd5 25. Nf4 Qd4 26. Qe2 Be5 27. Nxh5+ Kg6 28. Rd1 Qb4 29. g4 Qc3 30. gxf5+ Kh6 31. Ng3 Bxg3 32. fxg3 Qxg3 33. Qe1 Qe5 34. Qd2+ e3 35. Qd5 Qxd5 36. Rxd5 Re8 37. Kf1 Rg8 38. Bf3 Rg3 39. Ke2 Rh3 40. Kxe3 Kg7 41. c4 Kf6 42. Kf2 Rh2+ 43. Kg3 Rb2 44. Rd3 Nxf5+ 45. Kf4 Nxh4 46. Be4 Ng6+ 47. Ke3 Ne5 48. Rc3 Ke7 49. Kd4 f6 50. Kc5 Nd7+ 51. Kc6 Ra2 52. Kxc7 Ne5 53. Kb6 Nd7+ 54. Kb5 Ra1 55. Kb4 Ne5 56. c5 f5 57. Bxf5 Nc6+ 58. Kc4 Ra7 59. Be4 Ne5+ 60. Kd4 Nd7 61. c6 Nb6 62. c7 Nc8 63. b4 Kd6 64. Bf5 Rxc7 65. Rxc7 Kxc7 66. Bxc8 Kxc8 67. Kc4 Kb8 68. Kc5 Kc7 69. Kb5 Kb7 70. Ka5 Ka7 71. Kb5 Kb7 72. Kc5 Kc7 73. b5 Kb7 74. b6 Kb8 75. Kc6 Kc8 76. b7+ Kb8 77. Kb6 1/2-1/2

[Event "December 5 Late 2023"]
[Site "https://www.chess.com"]
[Date "2023.12.05"]
[Round "11"]
[White "Yuan, Qingyu"]
[Black "Kraiouchkine, Nikita"]
[Result "1-0"]
[Board "53"]
[TimeControl "180+1"]
[WhiteFideId "8609772"]
[BlackFideId "2607140"]
[WhiteElo "2781"]
[BlackElo "2483"]
[WhiteTeam "CHN"]
[BlackTeam "CAN"]
[WhiteClock "0:00:08"]
[BlackClock "0:00:00"]

1. Nf3 d5 2. b3 Nf6 3. Bb2 Bf5 4. Nh4 Bc8 5. e3 b6 6. f4 Bb7 7. Be2 Nbd7 8. O-O e6 9. d3 g6 10. Nd2 Bg7 11. Nhf3 O-O 12. Ne5 Nxe5 13. fxe5 Nd7 14. Nf3 c5 15. Qe1 f6 16. exf6 Bxf6 17. Bxf6 Qxf6 18. d4 Qg7 19. Qg3 Rae8 20. Bb5 c4 21. Ne5 Bc8 22. bxc4 dxc4 23. Nxc4 Rxf1+ 24. Rxf1 Rf8 25. Rxf8+ Nxf8 26. Ne5 Qc7 27. Qf2 Bb7 28. Qf6 Qg7 29. Qf2 Qe7 30. h3 Kg7 31. a4 a6 32. Bd3 Nd7 33. Qf4 Nf6 34. c4 Qa3 35. Qg5 Qxa4 36. Bxg6 h6 37. Qg3 Kf8 38. Qf4 Ke7 39. Qxh6 Qd1+ 40. Kh2 Bxg2 41. Qg7+ Kd6 42. Qf8+ Kc7 43. Qe7+ Kb8 44. Qxf6 Qh1+ 45. Kg3 Qxh3+ 46. Kf2 Qh1 47. Qf8+ Ka7 48. Qg7+ Bb7 49. Bd3 Qh2+ 50. Ke1 1-0

[Event "December 5 Late 2023"]
[Site "https://www.chess.com"]
[Date "2023.12.05"]
[Round "11"]
[White "Ladan, Nicholas"]
[Black "Chan, Yi Ren Daniel"]
[Result "1-0"]
[Board "54"]
[TimeControl "180+1"]
[WhiteFideId "30918855"]
[BlackFideId "5801583"]
[WhiteElo "2478"]
[BlackElo "2779"]
[WhiteTeam "USA"]
[BlackTeam "SGP"]
[WhiteClock "0:00:08"]
[BlackClock "0:00:20"]

1. d4 d5 2. Nf3 Nf6 3. Bf4 c5 4. e3 Nc6 5. c3 Bf5 6. Nbd2 Qb6 7. Qb3 c4 8. Qxb6 axb6 9. a3 b5 10. Rc1 e6 11. Nh4 h6 12. Nxf5 exf5 13. h4 Ne4 14. Nxe4 fxe4 15. g4 Be7 16. Kd2 Na5 17. Kc2 Nb3 18. Re1 g6 19. Bg2 f5 20. gxf5 gxf5 21. Bh3 b4 22. cxb4 Ra6 23. Bxf5 Rf8 24. Bc8 Nxd4+ 25. Kb1 Rb6 26. Rd1 Ne2 27. Be5 Rxf2 28. Rxd5 c3 29. bxc3 Kf7 30. Rh2 Rf1+ 31. Kc2 Nc1 32. Bh3 Rg1 33. Rf2+ Ke8 34. Bd7+ Kd8 35. Ba4+ Kc8 36. Rf7 Nd3 37. Rxe7 Rg2+ 38. Kb3 Nc1+ 39. Kc4 Rg8 40. Rc5+ Kd8 41. Rd7+ Ke8 42. Rc8# 1-0